 Dungeon Crawl Stone Soup version 0.29.1-1-gd02db6906a (webtiles) character file.

Game seed: 4798571914102794360

249 Hadkhar the Caller (level 6, -5/30 (32) HPs)
             Began as a Tengu Summoner on Sept 27, 2022.
             Slain by a wight
             ... wielding a +3 dire flail
              (15 damage)
             ... on level 4 of the Dungeon.
             The game lasted 00:30:42 (5697 turns).

Hadkhar the Caller (Tengu Summoner)                 Turns: 5697, Time: 00:30:44

HP:   -5/30 (32)    AC:  3    Str:  8    XL:     6   Next: 12%
MP:   7/11          EV: 16    Int: 17    God:
Gold: 169           SH:  0    Dex: 15    Spells: 1/11 levels left

rFire   . . .      SeeInvis .   c - +0 long sword
rCold   . . .      Faith    .   (no shield)
rNeg    . . .      Spirit   .   a - +0 robe
rPois   .          Reflect  .   (helmet restricted)
rElec   .          Harm     .   (no cloak)
rCorr   .          Rampage  .   i - +0 pair of gloves
Will    .....                   (boots unavailable)
Stlth   +++.......              (no amulet)
HPRegen 0.10/turn               (no ring)
MPRegen 0.12/turn               (no ring)

@: flying quickly and evasively, drained, quick
A: beak, talons 3, nimble flight
a: no special abilities


You were on level 4 of the Dungeon.
You visited 1 branch of the dungeon, and saw 4 of its levels.

You collected 169 gold pieces.

Inventory:

Hand Weapons
 c - a +0 long sword (weapon)
Armour
 a - a +0 robe (worn)
 i - a +0 pair of gloves (worn)
Wands
 r - a wand of mindburst (9)
Scrolls
 e - 2 scrolls of teleportation
 g - a scroll of fear {unknown}
 j - 2 scrolls of identify {unknown}
 k - a scroll of enchant weapon {unknown}
 m - a scroll of immolation {unknown}
 n - a scroll of amnesia {unknown}
 o - a scroll of poison {unknown}
 p - a scroll of magic mapping {unknown}
 q - a scroll of butterflies {unknown}
Potions
 b - 2 potions of magic
 d - a potion of flight {unknown}
 f - 3 potions of lignification {unknown}
 h - a potion of cancellation {unknown}
 l - a potion of heal wounds {unknown}


   Skills:
 + Level 3.8 Dodging
 + Level 3.7 Stealth
 + Level 3.2 Spellcasting
 + Level 5.9 Summonings
 + Level 1.1 Air Magic


You had one spell level left.
You knew the following spells:

 Your Spells              Type           Power      Damage    Failure   Level
a - Summon Small Mammal   Summ           88%        N/A       1%          1
b - Call Imp              Summ           22%        N/A       2%          2
c - Call Canine Familiar  Summ           22%        N/A       4%          3
d - Summon Lightning Spi  Summ/Air       14%        N/A       36%         4

Your spell library contained the following spells:

 Spells                   Type           Power      Damage    Failure   Level
 Beastly Appendage        Tmut           4%         N/A       17%         1
 Summon Guardian Golem    Hex/Summ       12%        N/A       16%         3
 Wereblood                Tmut           2%         N/A       26%         2
 Spider Form              Tmut/Pois      2%         N/A       45%         3


Dungeon Overview and Level Annotations

Branches:
Dungeon (4/15)
 Temple: D:4-7

Altars:
Fedhas
Kikubaaqudgha
Nemelex Xobeh
Uskayaw

Shops:
D:4 =:

Annotations:
D:3 3 runed translucent doors, Pingasnik's ghost, weakling HOMo


Innate Abilities, Weirdness & Mutations

You have a beak for a mouth.
You have claws for feet.
Your magical nature lets you fly swiftly and evasively.


Message History

Your hound bites the wight.
Your quokka barely misses the wight.
Your white imp hits the wight but does no damage.
The wight hits your white imp with a +3 dire flail!
Your hound barely misses the wight.
Your quokka bites the wight but does no damage.
Your white imp hits the wight but does no damage.
Your hound barely misses the wight.
The wight hits your white imp with a +3 dire flail.
Your quokka bites the wight.
Your white imp hits the wight but does no damage.
Your hound bites the wight but does no damage.
The wight hits your white imp with a +3 dire flail!
Your white imp dies!
Your white imp disappears in a puff of smoke!
Your quokka closely misses the wight.
Your hound bites the wight but does no damage.
Your hound barely misses the wight.
The wight hits your hound with a +3 dire flail.
Your quokka barely misses the wight.
Your hound barely misses the wight.
Your quokka bites the wight.
The wight hits your hound with a +3 dire flail.
Your hound bites the wight but does no damage.
Your quokka bites the wight but does no damage.
Your hound closely misses the wight.
The wight hits your hound with a +3 dire flail!!
Your hound dies!
Your hound's corpse disappears in a puff of smoke!
Your quokka bites the wight but does no damage.
The wight hits your quokka with a +3 dire flail!!
Your quokka dies!
Your quokka's corpse disappears in a puff of smoke!
The wight hits you with a +3 dire flail!
You feel drained.
You barely miss the wight. You claw the wight, but do no damage.
The wight is almost destroyed.
The wight hits you with a +3 dire flail!
You feel drained.
The wight hits you with a +3 dire flail!
Ouch! That really hurt!
You die...

#...(.......# #.....
#...........# #.####
#...........###
#.............#+####
##...................
####...####'###.........
.......####'###...>.....
#...§§$.)†..#.........
#...z@......#...[..)<.
#...........#.........
......#.......#.........
###(#.#.......'........>
# # ##.######.........
...# ###+###### #.##.# #
# #.# # #


You could see a wight.

Vanquished Creatures
  2 wights (D:4)
  An adder (D:2)
  A dart slug (D:3)
  An orc (D:3)
  7 endoplasms
  2 giant cockroaches
  6 goblins
  2 hobgoblins (D:3)
  4 jackals
  3 quokkas
  5 ball pythons
  9 bats
  4 frilled lizards
  6 kobolds
  3 rats
56 creatures vanquished.

Vanquished Creatures (collateral kills)
  Terence (D:3)
  An adder (D:2)
  A worm (D:2)
  A dart slug (D:3)
  An orc (D:3)
  2 endoplasms
  A giant cockroach (D:2)
  3 goblins
  2 hobgoblins
  8 jackals
  A quokka (D:3)
  4 bats
  3 kobolds
  2 rats
31 creatures vanquished.

Grand Total: 87 creatures vanquished

Notes
Turn   | Place    | Note
-------+----------+-------------------------------------------
     0 | D:1      | Hadkhar the Tengu Summoner began the quest for the Orb.
     0 | D:1      | Reached XP level 1. HP: 10/10 MP: 4/4
   812 | D:1      | Reached XP level 2. HP: 12/15 MP: 6/6
   823 | D:1      | Reached skill level 5 in Summonings
   880 | D:1      | Learned a level 2 spell: Call Imp
  1738 | D:2      | Reached XP level 3. HP: 6/19 MP: 2/7
  3083 | D:2      | Reached XP level 4. HP: 22/24 MP: 8/8
  3336 | D:2      | Found a faded altar of an unknown god.
  3758 | D:3      | Noticed Terence
  3787 | D:3      | Killed Terence
  3907 | D:3      | Noticed Pingasnik's ghost (weakling HOMo)
  3920 | D:3      | Found a runed translucent gate.
  3920 | D:3      | Found a runed translucent gate.
  3920 | D:3      | Found a runed translucent gate.
  4257 | D:3      | Gained mutation: Your magical nature lets you fly swiftly
                  | and evasively. [Tengu growth]
  4257 | D:3      | Reached XP level 5. HP: 28/28 MP: 7/10
  4884 | D:3      | Learned a level 3 spell: Call Canine Familiar
  5271 | D:4      | Learned a level 4 spell: Summon Lightning Spire
  5298 | D:4      | Found Geefax's Jewellery Shop.
  5376 | D:4      | Found a hide-covered altar of Uskayaw.
  5390 | D:4      | Found an ancient bone altar of Kikubaaqudgha.
  5391 | D:4      | Found a blossoming altar of Fedhas.
  5404 | D:4      | Found a sparkling altar of Nemelex Xobeh.
  5440 | D:4      | Found Qukesise's Book Shoppe.
  5551 | D:4      | Reached skill level 1 in Air Magic
  5551 | D:4      | Reached XP level 6. HP: 20/32 MP: 2/11
  5697 | D:4      | Slain by a wight

Illustrated notes

Levels and vault maps discovered:
D:1:      minmay_arrival_stair_chambers, layout_basic
D:2:      layout_basic, shapermc_ecumenical_altar_petra, grunt_decor_cap,
          minmay_tromino_v4_c
D:3:      minmay_diamond_boxcup, layout_loops_ring, gammafunk_ghost_split,
          uniq_terence
D:4:      layout_basic, minitemple, serial_shops, nicolae_shop_advertising_works
          [nicolae_subvault_shop_adworks], nicolae_shop_overgrown_old_shop,
          shop_statue, kennysheep_little_box, nicolae_diamond_shop

Skill      XL: |  1  2  3  4  5 |
---------------+----------------+-----
Summonings     | 5 |  5.9
Dodging        | 3 |  3.8
Stealth        | 3 |  3.7
Spellcasting   | 3 |  3.2
Air Magic      | 1 |  1.1

Action                   |  1- 3 |  4- 6 || total
-------------------------+-------+-------++-------
Melee: Long sword        |    44 |    73 ||   117
       Peck              |     5 |     7 ||    12
       Kick              |     5 |    17 ||    22
       Punch             |     1 |       ||     1
 Cast: Summon Small Mamm |    10 |    12 ||    22
       Call Imp          |    10 |    15 ||    25
       Call Canine Famil |       |     7 ||     7
  Use: Scroll            |       |     1 ||     1
 Stab: Sleeping          |     3 |     7 ||    10
       Distracted        |       |     2 ||     2
Armor: Robe              |    13 |    33 ||    46
Dodge: Dodged            |    32 |    75 ||   107
